Kradschützen Motorcycle Team
Selects Panzerjäger Kommand Battlegroup
Selects Panzerjäger Kommand Battlegroup
Construct Light Support Kompanie
Panzerjäger Mechanized Group
Selects Defensive Positions
Selects GrB 39 Grenade Launcher Requisition
Selects Crew Shock Tactics
Selects Butterfly Bomb Drop
Construct Mechanized Kompanie
254 Reconnaissance Tractor
Marder III Tank Destroyer
Selects Anti-tank Overwatch
18-tonne Recovery Half-track